 Dungeon Crawl Stone Soup version 0.31.0-11-ge490571c62 (webtiles) character file.

Game seed: 2952123950682063122

56 qw the Shooter (level 3, 0/20 HPs)
             Began as a Deep Elf Hunter on Feb 4, 2024.
             Slain by Pargi (2 damage)
             ... on level 3 of the Dungeon.
             The game lasted 00:00:05 (1982 turns).

qw the Shooter (Deep Elf Hunter)                    Turns: 1982, Time: 00:00:06

Health: 0/20       AC:  3    Str: 10    XL:     3   Next: 69%
Magic:  5/5        EV: 13    Int: 13    God:
Gold:   60         SH:  0    Dex: 25    Spells: 2/2 levels left

rFire   . . .        n - +3 sling "Impslayer" {freeze, Dex+4, mikee}
rCold   + + .        (no shield)
rNeg    . . .        g - +1 robe of the Sacrificial Victim {rElec Will+ Regen+ Dex+3}
rPois   .            (no helmet)
rElec   +            (no cloak)
rCorr   .            (no gloves)
SInv    .            (no boots)
Will    +....        (no amulet)
Stlth   ++           e - ring of protection from cold
HPRegen 1.03/turn    j - ring of protection from cold
MPRegen 0.09/turn

%: no passive effects
@: no status effects
A: no striking features
a: no special abilities


You were on level 3 of the Dungeon.
You visited 1 branch of the dungeon, and saw 3 of its levels.

You collected 60 gold pieces.


   Skills:
 - Level 1.5 Fighting
 - Level 7.1 Ranged Weapons
 + Level 2.5 Dodging
 - Level 1.2 Stealth


You had 2 spell levels left.
You didn't know any spells.
Your spell library was empty.

Inventory:

Hand Weapons
 n - the +3 sling "Impslayer" (weapon) {freeze, Dex+4, mikee}
   (You found it on level 2 of the Dungeon)

   Dex+4:     It affects your dexterity (+4).
Armour
 g - the +1 robe of the Sacrificial Victim (worn) {rElec Will+ Regen+ Dex+3}
   (You found it on level 2 of the Dungeon)

   Dex+3:     It affects your dexterity (+3).
   rElec:     It insulates you from electricity.
   Will+:     It increases your willpower.
   Regen+:    It increases your rate of health regeneration.
Jewellery
 e - a ring of protection from cold (left hand)
 j - a ring of protection from cold (right hand)
Wands
 m - a wand of digging (5)

Dungeon Overview and Level Annotations

Branches:
Dungeon (3/15)

Altars:

Annotations:
D:3 Pargi


Message History

The sling bullet freezes the dart slug.
You kill the dart slug!
Found a gnarled jewelled staff.
You see here a staff of air.
Pargi the Meek comes into view.
Pargi shouts!
You shoot a sling bullet.
The sling bullet completely misses Pargi.
You shoot a sling bullet. The sling bullet hits Pargi.
The sling bullet freezes Pargi.
Pargi is lightly wounded.
You shoot a sling bullet. The sling bullet barely misses Pargi.
Pargi looks very sad for a moment.
Pargi misses you. Pargi claws you but does no damage. Pargi claws you.
Pargi bites you. Pargi closely misses you. Pargi misses you.
You shoot a sling bullet. The sling bullet hits Pargi.
The sling bullet freezes Pargi.
Pargi is lightly wounded.
Pargi bites you! Pargi barely misses you. Pargi closely misses you.
You shoot a sling bullet. The sling bullet hits Pargi.
The sling bullet freezes Pargi.
Pargi is moderately wounded.
Pargi barely misses you. Pargi claws you. x2
You shoot a sling bullet. The sling bullet hits Pargi!
The sling bullet freezes Pargi.
Pargi is severely wounded.
Pargi closely misses you. Pargi barely misses you. x2
You shoot a sling bullet. The sling bullet hits Pargi.
The sling bullet freezes Pargi.
Pargi is severely wounded.
Pargi barely misses you. Pargi claws you. Pargi misses you.
You shoot a sling bullet. The sling bullet hits Pargi.
The sling bullet freezes Pargi.
Pargi is severely wounded.
Pargi completely misses you. Pargi claws you. Pargi closely misses you.
You shoot a sling bullet. The sling bullet hits Pargi.
The sling bullet freezes Pargi.
Pargi is almost dead.
Pargi barely misses you. Pargi claws you but does no damage. Pargi claws you.
You die...

.. ..#######
.........
........#
.....|####
.......#.+
#T....#.#
#.@.....#
#.......## ..
#......... ..
+......... ##..
#|........ ...
+.........
#.#+#.........#
#.............#
#.<..#+###....#


You could see Pargi.

Vanquished Creatures
  2 dart slugs
  A ribbon worm (D:2)
  6 ball pythons
  5 endoplasms
  5 giant cockroaches
  4 goblins (D:2)
  5 hobgoblins
  A quokka (D:2)
  4 bats
  4 frilled lizards
  3 kobolds
  6 rats
46 creatures vanquished.

Notes
Turn   | Place    | Note
-------+----------+-------------------------------------------
     0 | D:1      | qw the Deep Elf Hunter began the quest for the Orb.
     0 | D:1      | Reached XP level 1. HP: 12/12 MP: 3/3
     0 | D:1      | 0 ||| qw: Version: 0.3-a-160-g6735b56
     0 | D:1      | 0 ||| qw: Game counter: 6091
     0 | D:1      | 0 ||| qw: Melee chars always use a shield: true
     0 | D:1      | 0 ||| qw: God list: Okawaru
     0 | D:1      | 0 ||| qw: Allow faded altars: false
     0 | D:1      | 0 ||| qw: Do Orc after clearing Dungeon:15 true
     0 | D:1      | 0 ||| qw: Do second Lair branch before Depths: true
     0 | D:1      | 0 ||| qw: Lair rune preference: random
     0 | D:1      | 0 ||| qw: Goals: Normal
     0 | D:1      | 0 ||| PLANNING D:1-11
   281 | D:1      | Reached XP level 2. HP: 16/16 MP: 4/4
   287 | D:1      | Reached skill level 6 in Ranged Weapons
   846 | D:1      | 846 ||| DROPPING scarf of shadows.
   847 | D:1      | 847 ||| UPGRADING to +0 ring mail.
   857 | D:1      | 857 ||| DROPPING +0 leather armour.
   858 | D:1      | 858 ||| UPGRADING to ring of protection from cold.
   859 | D:1      | 859 ||| UPGRADING to ring of protection from cold.
   860 | D:1      | 860 ||| READING 2 scrolls labelled CAOFADUMAUH.
   860 | D:1      | 860 ||| ENCHANTING +0 ring mail.
   861 | D:1      | 861 ||| READING scroll of enchant armour.
   861 | D:1      | 861 ||| ENCHANTING +1 ring mail.
   862 | D:1      | 862 ||| READING scroll labelled JUSKARHURCHI.
   863 | D:1      | 863 ||| DROPPING scroll of butterflies.
   935 | D:2      | 935 ||| STAIRDANCE
   942 | D:2      | 942 ||| STAIRDANCE
  1198 | D:2      | Identified the +1 robe of the Sacrificial Victim {rElec
                  | Will+ Regen+ Dex+3}
  1239 | D:2      | Reached XP level 3. HP: 20/20 MP: 5/5
  1645 | D:2      | Reached skill level 7 in Ranged Weapons
  1659 | D:2      | Identified the +3 sling "Impslayer" {freeze, Dex+4}
  1661 | D:2      | 1661 ||| SWAPPING to +3 sling "Impslayer" {freeze, Dex+4,
                  | mikee}.
  1663 | D:2      | 1663 ||| DROPPING +0 shortbow.
  1861 | D:2      | 1861 ||| UPGRADING to +1 robe of the Sacrificial Victim
                  | {rElec Will+ Regen+ Dex+3}.
  1871 | D:2      | 1871 ||| DROPPING +2 ring mail.
  1872 | D:2      | 1872 ||| READING 2 scrolls labelled JUGEOH JEGGAISUVO.
  1881 | D:2      | 1881 ||| READING scroll labelled QOOTAT XEUFEURCH.
  1882 | D:2      | 1882 ||| READING 2 scrolls labelled RECIYT UTWA.
  1883 | D:2      | 1883 ||| READING scroll labelled DYEFRU EROHUCH.
  1883 | D:2      | 1883 ||| IDENTIFYING metallic white potion
  1884 | D:2      | 1884 ||| DRINKING 2 viscous pink potions.
  1885 | D:2      | 1885 ||| DRINKING silvery potion.
  1891 | D:2      | 1891 ||| DROPPING scroll of torment.
  1892 | D:2      | 1892 ||| DROPPING potion of ambrosia.
  1893 | D:2      | 1893 ||| DROPPING scroll of fog.
  1894 | D:2      | 1894 ||| DROPPING potion of brilliance.
  1930 | D:3      | Found a faded altar of an unknown god.
  1972 | D:3      | Noticed Pargi
  1977 | D:3      | HP: 4/20 [Pargi (8)]
  1981 | D:3      | HP: 1/20 [Pargi (3)]
  1982 | D:3      | Slain by Pargi

Levels and vault maps discovered:
D:1:      saegor_arrival_simple_d, layout_basic, kennysheep_doodads
D:2:      layout_basic, minmay_octomino_c4
D:3:      layout_basic, mainiacjoe_overflow_24_doors,
          shapermc_ecumenical_altar_rom_forum, serial_bayou_pond_c, uniq_pargi

Skill      XL: |  1  2  3 |
---------------+----------+-----
Ranged Weapons | 6 7 |  7.1
Fighting       | |  1.5
Dodging        | |  2.5
Stealth        | |  1.2

Action                     || total
---------------------------++-------
   Fire: Shortbow          ||    91
         Sling             ||    27
    Use: Scroll            ||     7
         Potion            ||     2
 Armour: Leather armour    ||     5
         Ring mail         ||    13
         Robe              ||    10
  Dodge: Dodged            ||    41

Table legend:
 A = Non-vault XP
 B = Vault XP
 C = Vault XP percentage of total XP
 D = Non-vault monster count
 E = Vault monster count
 F = Vault count percentage of total count
                 A         B        C        D         E       F
            +---------+---------+-------+---------+---------+-------
      Total |      68 |      12 |  15.0 |      40 |       6 |  13.0
            +---------+---------+-------+---------+---------+-------
        D:1 |      27 |       0 |   0.0 |      18 |       0 |   0.0
        D:2 |      37 |      12 |  24.5 |      21 |       6 |  22.2
        D:3 |       4 |       0 |   0.0 |       1 |       0 |   0.0
            +---------+---------+-------+---------+---------+-------
